[Event "Biel Festival Masters Blitz 2024"]
[White "Keymer,Vincent"]
[Black "Mishra,Abhimanyu"]
[Site "Biel"]
[Round "1.1"]
[Annotator "TA"]
[Result "1/2-1/2"]
[Date "2024.07.21"]
[WhiteElo "2721"]
[BlackElo "2627"]
[PlyCount "113"]
[TimeControl "180+2"]

1. Nf3 d5 2. g3 g6 3. Bg2 Bg7 4. d4 c6 5. O-O Nf6 6. a4 a5 7. Nbd2 O-O 8. b3 Bf5 9. Bb2 Ne4 10. Nh4 {[%emt 0:0:12] D02: 1 d4 d5 2 Nf3 sidelines, including 2...Nf6 3 g3 and 2...Nf6 3 Bf4.} Nxd2 11. Qxd2 Be6 12. e3 $146 ({Predecessor:} 12. e4 dxe4 13. Bxe4 Nd7 14. Rfe1 Nf6 15. Bg2 Bd5 16. Qe2 e6 17. Bf1 g5 18. Ng2 Bxg2 19. Bxg2 {1-0 Artemiev,V (2700)-Fier,A (2569) Titled Tuesday intern op 22 Mar Late blitz 2022 (2)} )c5 13. c3 cxd4 14. exd4 Nc6 15. Ba3 Qd7 16. Rfe1 Rfe8 17. Nf3 Rac8 18. Rac1 Bf5 19. Ne5 Nxe5 20. dxe5 Be6 21. h4 b5 22. axb5 Qxb5 23. Rb1 Bf5 24. Rb2 e6 25. Bd6 Bf8 26. Bxf8 Rxf8 27. Re3 h5 28. Bf1 Qc5 29. Ra2 (29. b4 $11 {keeps the balance.} axb4 30. cxb4 )Rb8 30. c4 d4 31. Re1 $1 (31. Rf3 Rb4 (31... Qxe5 32. Rxa5 Qd6 33. c5 $11 )32. Bd3 Rxb3 (32... Qxe5 33. Bxf5 exf5 34. Rd3 $17 )33. Rxa5 Qc7 $17 )Rb4 (31... Rxb3 $15 {is superior.} 32. Rxa5 Qc7 )32. Rea1 (32. Bd3 $1 $11 )Ra8 $1 $15 (32... Rxb3 $6 33. Rxa5 Qb6 34. Ra6 $14 )33. Ra4 Be4 (33... Rxb3 34. Rxa5 Rxa5 35. Rxa5 $11 )(33... Rxa4 $15 34. Rxa4 Qxe5 )34. Rxb4 $11 axb4 35. Rxa8+ Bxa8 36. Qf4 $1 Qc6 37. f3 $1 Qxf3 38. Qxf3 Bxf3 39. Bg2 $2 (39. c5 $11 )Bd1 $1 $19 40. c5 {[%emt 0:0:1] [#]} Bxb3 $2 (40... Kf8 $1 $19 41. Bf1 Bxb3 )41. c6 $15 Ba4 42. c7 Bd7 43. Bc6 $2 (43. Kf2 $15 )Bc8 $19 (43... Bxc6 $2 44. c8=Q+ (44. c8=B Bb5 45. Kh2 b3 46. Bb7 b2 47. Be4 d3 48. Kg2 d2 49. Kf3 d1=Q+ 50. Ke3 Qg1+ 51. Kf3 Bc6 52. Ke2 Bxe4 53. Kd2 Qd4+ 54. Ke2 b1=Q 55. g4 Qbd1# )Kg7 45. Qxc6 $18 )44. Kf2 {[%emt 0:0:3] [#]} f6 (44... b3 $142 $1 45. Ke2 b2 )45. Kf3 (45. exf6 $142 Kf7 46. Ke2 )b3 46. Ba4 $2 (46. exf6 Kf7 47. Ba4 )b2 $19 (46... fxe5 47. Ke4 $11 )47. Bc2 Kf7 $2 ({And not} 47... fxe5 48. Ke4 $16 )(47... Bb7+ $19 48. Ke2 Kg7 (48... fxe5 $2 49. Be4 $19 )49. exf6+ Kxf6 )48. Ke4 $15 fxe5 49. Kxe5 Ke7 50. Bxg6 Ba6 ({But not} 50... Kd7 $6 51. Kxd4 Bb7 (51... Kxc7 52. Kc3 $16 )52. Kc3 $16 )51. Kxd4 Kd6 52. Kc3 Kxc7 53. Kxb2 Be2 54. Kc3 Kd6 55. Kd4 e5+ 56. Ke3 Bg4 57. Be4 1/2-1/2

[Event "Biel Festival Masters Blitz 2024"]
[White "Le,Quang Liem"]
[Black "Martirosyan,Haik M."]
[Site "Biel"]
[Round "1.2"]
[Annotator "TA"]
[Result "1/2-1/2"]
[Date "2024.07.21"]
[WhiteElo "2731"]
[BlackElo "2662"]
[PlyCount "113"]
[TimeControl "180+2"]

1. c4 e5 2. g3 Nf6 3. Bg2 d5 4. cxd5 Nxd5 5. Nf3 Nc6 6. O-O Nb6 7. b3 Be7 8. Bb2 f6 9. Na3 O-O 10. Nc2 a5 11. e4 Bg4 12. d4 exd4 13. Ncxd4 Nxd4 14. Bxd4 Qd7 15. Be3 a4 16. Qc2 axb3 17. axb3 Rxa1 18. Rxa1 Rd8 19. h3 Bh5 20. Nd4 Nc8 21. Nf5 Bf8 22. Kh2 Nd6 23. Ra7 c6 24. Nd4 Bf7 25. h4 Qe8 26. f3 f5 27. Bg5 Nc8 28. Ra4 b5 29. Nxc6 bxa4 30. Nxd8 Bxb3 31. Qxc8 a3 32. Bf1 (32. exf5 a2 33. Qb7 Qa4 $11 (33... a1=B 34. Qxb3+ Kh8 35. Nf7+ ))h6 33. Bf4 $2 (33. Bc4+ $18 Bxc4 34. Qxc4+ Kh7 35. Ne6 hxg5 36. Nxg5+ Kh8 37. Qd5 (37. exf5 Qd7 $16 ))a2 $1 $14 34. Bc4+ (34. exf5 $2 a1=Q (34... a1=B $2 35. Bc4+ Bxc4 36. Qxc4+ Kh7 37. Ne6 $18 )35. Bc4+ Kh7 $19 (35... Bxc4 $2 36. Qxc4+ Kh8 37. Ne6 $19 ))(34. Qc3 $14 Kh7 35. Be5 (35. Qxb3 $2 a1=Q $19 )Qxd8 36. Qxb3 )Kh7 $17 35. Bxb3 (35. Qxf5+ $2 g6 36. Qe5 (36. Qe6 $2 Qxe6 37. Nxe6 a1=Q $19 )Qxe5 (36... Qxd8 $2 37. Bxb3 Bg7 38. Qxg7+ Kxg7 39. Bxa2 $19 )37. Bxe5 Bxc4 $19 )a1=Q (35... a1=B $2 36. Qxf5+ (36. exf5 Qe2+ 37. Kh3 h5 $18 )g6 37. Qd5 $18 )36. Qxf5+ g6 37. Qd5 Bg7 (37... Qb2+ $17 38. Kh3 Be7 )38. Ne6 (38. h5 $5 Bd4 (38... gxh5 $2 39. Qf5+ Qg6 40. Bg8+ Kxg8 41. Qxg6 $18 )39. Qb7+ Bg7 40. hxg6+ Qxg6 41. Qd5 Qb2+ 42. Kh3 $11 )Qf6 $2 (38... Qaa8 $11 )39. Nxg7 $2 (39. e5 $18 Qfe7 40. Nxg7 Qxg7 41. e6 )Qxg7 40. e5 Qed7 41. Qe4 Qb7 42. Bd5 (42. Bc2 $142 )Qb2+ $17 43. Kh3 Qa1 44. g4 $2 (44. Kh2 $17 )Qh1+ $19 45. Bh2 Qf1+ 46. Kg3 Qa7 $1 47. Qc2 Qe7 (47... Qa5 $142 48. h5 Qxd5 49. Qxg6+ Kh8 50. Qxh6+ Kg8 51. Qg5+ Kf8 52. Qf5+ Ke7 )48. Qc3 $2 (48. Qd2 )Qa7 (48... Qe2 $142 {[%cal Oe7h4] ( -> ...Qxh4+!)} 49. f4 Qxh4+ 50. Kxh4 Qxh2+ 51. Qh3 g5+ (51... Qxf4 $2 {too greedy.} 52. Qg3 $18 )52. fxg5 hxg5+ (52... Qxe5 53. Qd3+ Kh8 54. Qd2 $18 )53. Kxg5+ Qxh3 54. Be4+ Kg7 )49. Qc2 $1 $19 Qe1+ $2 (49... Qa5 $19 50. h5 Qxd5 51. Qxg6+ Kh8 52. Qxh6+ Kg8 )50. Kh3 $17 Qe7 51. Bg3 Qf1+ 52. Qg2 {[%emt 0:0:1] [#]} Qb5 ({Black should try} 52... Qxg2+ $1 $17 53. Kxg2 Qd8 )53. Be4 $1 $11 Kg7 54. Qd2 (54. h5 $1 $11 )Qf1+ $17 55. Qg2 {[%emt 0:0:1] [#]} ({Of course not} 55. Kh2 Qa7 56. Qg2 Qc1 $15 )Qc4 ({Black should play} 55... Qxg2+ $1 $17 56. Kxg2 Qf7 )56. Qb2 (56. h5 $1 $11 {was the only way to keep the balance.} )Qf1+ 57. Qg2 1/2-1/2

[Event "Biel Festival Masters Blitz 2024"]
[White "Shankland,Sam"]
[Black "Praggnanandhaa R"]
[Site "Biel"]
[Round "1.3"]
[Annotator "TA"]
[Result "0-1"]
[Date "2024.07.21"]
[WhiteElo "2683"]
[BlackElo "2747"]
[PlyCount "76"]
[TimeControl "180+2"]

1. c4 Nf6 2. g3 e5 3. Bg2 d5 4. cxd5 Nxd5 5. Nf3 Nc6 6. O-O Nf6 7. Nc3 h6 8. d3 Bd6 9. b3 O-O {[%emt 0:0:1] Weiß hat minimalen Vorteil.} 10. Bb2 Re8 11. Rc1 Bf5 12. Nd2 Qd7 13. Nce4 Nxe4 14. Nxe4 Bh3 15. e3 Rad8 16. Qe2 (16. Nxd6 $11 cxd6 17. d4 )Bf8 17. Rfd1 Bxg2 18. Kxg2 Qe6 19. Nc5 Bxc5 20. Rxc5 Rd7 21. Rdc1 Red8 22. R1c3 Rd6 23. a3 {[%emt 0:0:9] Gegen Nb4 gerichtet.} b6 {[%emt 0:0:19] Es drohte b4} 24. R5c4 Ne7 25. e4 (25. Rxc7 $2 {zu gefräßig.} Nd5 26. Rxa7 Nxc3 27. Bxc3 Rxd3 $19 )c5 26. b4 cxb4 27. axb4 Nc6 $1 28. Rc1 a5 29. bxa5 Nxa5 30. R4c3 Nb3 31. Rb1 {[%emt 0:0:5] [#]} (31. Rd1 $1 $15 )Nc5 $1 $17 {[%emt 0:0:12] Schwarz steht aktiver.} 32. Rd1 Qg6 ({Günstiger ist} 32... Qd7 $17 33. Ba3 Rxd3 34. Rdxd3 Nxd3 )33. f3 $15 Ne6 $36 {[%emt 0:0:6][%mdl 2048] Und ...Nf4+ würde nun gewinnen. Schwarz drückt.} 34. Qe3 Ra8 (34... b5 $17 {...b4 wäre nun fies.} 35. Kf2 Ng5 )35. Kf1 (35. Rc2 $11 )Qh5 (35... Nd4 $17 {Und jetzt ...Rf6 wäre schön.} 36. Kg2 Rf6 )36. h4 $2 (36. Kg2 $15 )Nd4 $19 37. Kg2 Rg6 38. Kf2 $2 {[%emt 0:0:11] [#]} (38. Qf2 Qxh4 39. Ra1 )Nxf3 $2 {[%emt 0:0:5] Gewichteter Fehlerwert: Weiß=0.59/Schwarz=0.13 (sehr präzise) .  Verlustzug:     	Weiß=1     	---        Fehler:       	Weiß=4     	Schwarz=4     Ungenau:       	Weiß=6     	Schwarz=3     OK:         	Weiß=10    	Schwarz=13    Bester:       	Weiß=1     	Schwarz=3     Stark:        	---       	Schwarz=2} 0-1

[Event "Biel Festival Masters Blitz 2024"]
[White "Mishra,Abhimanyu"]
[Black "Praggnanandhaa R"]
[Site "Biel"]
[Round "2.1"]
[Annotator "TA"]
[Result "0-1"]
[Date "2024.07.21"]
[WhiteElo "2627"]
[BlackElo "2747"]
[PlyCount "122"]
[TimeControl "180+2"]

1. e4 e5 2. Nf3 Nc6 3. Bc4 Bc5 4. c3 Nf6 5. d3 a6 6. O-O d6 7. a4 Ba7 8. Re1 O-O 9. h3 h6 10. Nbd2 Ne7 11. Bb3 Ng6 12. d4 Re8 13. Bc2 b5 14. Nf1 Bb7 15. Ng3 Bb6 16. Be3 exd4 17. Bxd4 c5 {[%emt 0:0:4] Die Stellung ist ausgeglichen.} 18. Be3 d5 19. axb5 axb5 20. Rxa8 Qxa8 21. exd5 Nxd5 ({Viel schwächer wäre} 21... Bxd5 22. Bxg6 fxg6 23. Qd3 $14 )22. Nf5 Nxe3 23. Rxe3 Rxe3 24. Nxe3 Bxf3 25. Qxf3 ({Vorzuziehen ist} 25. gxf3 $11 Qd8 26. Qxd8+ Bxd8 27. Bxg6 fxg6 28. Nc2 )Qxf3 $15 26. gxf3 $11 {[%emt 0:0:1][%mdl 4096] Endspiel. KBN-KBN} Nf4 {[%emt 0:0:1] Verhindert Nd5.} 27. Bf5 g6 28. Bd7 b4 29. Kf1 bxc3 30. bxc3 Ba5 31. c4 Kg7 32. Nd5 Nd3 33. Ke2 Nc1+ 34. Ke3 Nb3 35. f4 Nd4 36. Bg4 f5 37. Bd1 Kf7 38. Ba4 Kg7 39. Be8 Bd8 40. Ba4 Kf7 41. Bd1 Ke6 42. Ba4 g5 43. fxg5 hxg5 44. Bd1 Ke5 45. Kd3 Ba5 46. Bh5 Be1 47. f3 Ba5 48. Ke3 $1 Be1 49. f4+ $2 (49. Kd3 $11 {und Weiss muss sich keine Sorgen machen.} )gxf4+ $19 50. Nxf4 {[%emt 0:0:1] [#]} (50. Kd3 $142 f3 51. Ke3 )Bd2+ $1 51. Kxd2 Kxf4 {[%emt 0:0:1] KB-KN} 52. Bg6 Nf3+ 53. Kc3 Nh4 {[%emt 0:0:5] Schwarz setzt Matt.} 54. Bh7 Ke3 55. Kb3 f4 56. Kc2 f3 57. Bd3 Ng2 58. Bf1 Kf2 59. Bd3 Ne1+ 60. Kc3 Nxd3 61. Kxd3 Kg3 {[%emt 0:0:1] Gewichteter Fehlerwert: Weiß=0.42/Schwarz=0.11 (sehr präzise) .  Verlustzug:     	Weiß=1     	---        Fehler:       	Weiß=2     	---        Ungenau:       	---       	Schwarz=3     OK:         	Weiß=7     	Schwarz=9     Bester:       	Weiß=3     	Schwarz=4     Stark:        	Weiß=1     	---        Brilliant:      	---       	Schwarz=1} 0-1

[Event "Biel Festival Masters Blitz 2024"]
[White "Martirosyan,Haik M."]
[Black "Shankland,Sam"]
[Site "Biel"]
[Round "2.2"]
[Annotator "TA"]
[Result "0-1"]
[Date "2024.07.21"]
[WhiteElo "2662"]
[BlackElo "2683"]
[PlyCount "88"]
[TimeControl "180+2"]

1. d4 Nf6 2. Bg5 c5 3. Bxf6 gxf6 4. d5 Qb6 5. Qc1 f5 6. c4 Bg7 7. Nc3 d6 8. e3 Nd7 9. Nf3 {[%emt 0:0:1] White has an edge.} Qb4 10. a3 Bxc3+ 11. bxc3 Qa5 12. Bd3 Nb6 13. O-O Bd7 {[%emt 0:0:22] [#]} 14. a4 $1 O-O-O 15. Nd2 Kb8 16. Nb3 Qa6 17. Qb1 e6 18. Nd2 Qa5 19. Rc1 Rhg8 20. e4 (20. Bf1 {keeps more tension.} h5 21. e4 fxe4 22. Qxe4 f5 23. Qh4 )fxe4 21. Nxe4 (21. Bxe4 $14 exd5 22. cxd5 )exd5 $11 22. cxd5 (22. Nf6 $1 $11 {keeps the balance.} dxc4 23. Bxh7 )Nxd5 {[%emt 0:0:14] Black keeps a firm grip on the game.} (22... c4 $17 23. Bf1 Bf5 (23... Nxd5 24. Nxd6 Bc6 25. Nxc4 $11 )(23... Qxd5 $2 24. Nf6 $18 ))23. Nxd6 $2 (23. Ng3 $15 )Bc6 $19 24. Nc4 $2 {[%emt 0:0:1] [#]} (24. Nxb7 Bxb7 25. Be4 )Qc7 $2 (24... Rxg2+ $1 $19 25. Kxg2 Ne3+ 26. Kh3 Bg2+ 27. Kg3 Qc7+ 28. f4 Rg8+ 29. Bg6 Nxc4 (29... Rxg6+ 30. Qxg6 hxg6 31. Nxe3 $19 )30. Kxg2 Rxg6+ (30... fxg6 31. Qd3 $14 )31. Qxg6 hxg6 )25. Be4 $2 {[%emt 0:0:1][%mdl 8192] [#]} (25. Bf1 $17 )f5 $1 {[%emt 0:0:6][%mdl 512] And now ...Nf4 would win.} 26. Bf3 (26. Na5 Qxa5 )Qf4 (26... Nf4 $142 {( -> ...Nh3+)} 27. g3 Bxf3 28. Qxf5 Rgf8 )27. Qd3 (27. Na5 {leads to mate.} Qxf3 28. Nxc6+ Ka8 )(27. g3 $142 Qxc4 (27... Qxf3 $2 28. Ne5 $17 )28. a5 )Nb6 {[%emt 0:0:7][%cal Oc6f3] Threatens to win with ...Bxf3!} 28. Qxd8+ Rxd8 29. Bxc6 Nxc4 30. Bb5 Nd2 {[%emt 0:0:2][%cal Od2f3] ...Nf3+! would now be deadly.} 31. Rd1 Rg8 {[%emt 0:0:7] ...Nf3+ is the strong threat.} 32. g3 a6 33. Bf1 Nf3+ 34. Kh1 Qh6 35. h3 f4 36. Rd3 Ne5 37. Rd5 Qc6 38. c4 fxg3 39. Bg2 Qf6 40. fxg3 Rxg3 41. Rf1 {[%emt 0:0:0] Wards off Qf2} Qg7 42. Rf2 {[%emt 0:0:15] [#]} Nf3 $1 {[%emt 0:0:6] Black mates.} 43. Rd8+ Ka7 44. Rd1 Nh4 {[%emt 0:0:2] Weighted Error Value: White=1.47/Black=0.66.  Loses game:     	White=2     	---        Missed win:     	---       	Black=1      Mistake:       	White=3     	Black=1      Inaccurate:     	White=3     	Black=4      OK:         	White=4     	Black=8      Best:        	---       	Black=1} 0-1

[Event "Biel Festival Masters Blitz 2024"]
[White "Keymer,Vincent"]
[Black "Le,Quang Liem"]
[Site "Biel"]
[Round "2.3"]
[Annotator "TA"]
[Result "0-1"]
[Date "2024.07.21"]
[WhiteElo "2721"]
[BlackElo "2731"]
[PlyCount "94"]
[TimeControl "180+2"]

1. d4 Nf6 2. c4 e6 3. Nc3 d5 4. cxd5 exd5 5. Bg5 c6 6. e3 h6 7. Bh4 Be7 8. Bd3 O-O 9. Bg3 Re8 10. h3 c5 11. Nf3 a6 12. O-O c4 13. Bb1 b5 14. a3 Bb7 15. Ne5 Nbd7 16. f4 Ne4 17. Bxe4 dxe4 18. Qh5 Rf8 19. Nxd7 Qxd7 20. f5 a5 21. Qg4 Rfe8 22. Be5 Bg5 23. Rae1 f6 24. Bg3 b4 25. h4 (25. Nb1 $15 )bxc3 $17 26. hxg5 cxb2 27. gxf6 $2 (27. Qe2 $17 )c3 $19 28. Rf2 Ba6 29. fxg7 $2 (29. Rb1 )Qxg7 (29... Bd3 $142 30. Qh5 c2 (30... b1=R $2 31. Rxb1 c2 32. Rc1 $18 )31. Rxc2 Bxc2 )30. Qh3 $19 (30. Qxg7+ $2 Kxg7 31. Rc2 Rac8 $19 )Kh7 $2 (30... Rf8 $1 $19 {[%cal Oh6h5] ...h5! would now be deadly.} 31. f6 Qg5 (31... Rxf6 32. Rxf6 Qxf6 33. Qg4+ Qg7 34. Qe6+ Qf7 35. Qg4+ Qg7 36. Qe6+ Qf7 37. Qg4+ Kh7 38. Qxe4+ Qg6 39. Qxa8 $11 )32. Qe6+ Rf7 )31. f6 $11 Bc8 (31... Qf7 $1 $11 32. Qf5+ Kh8 (32... Qg6 $2 33. Qd7+ Kh8 34. f7 $18 ))32. Qh2 (32. fxg7 $16 {White threatens Qh5 and mate.} Bxh3 33. gxh3 )Qf7 $11 33. Bf4 Qg6 (33... Qxf6 $2 34. Bxh6 Qg6 (34... Qxh6 $2 35. Rf7+ Kg6 36. Rf6+ Kxf6 37. Qxh6+ Ke7 38. Qg5+ Kd7 39. Qd5+ Ke7 40. Qxa8 $18 )35. Rf6 $18 )(33... h5 $1 $11 )34. Be5 Ra7 (34... Bd7 $11 )35. d5 $16 Rb7 36. Rb1 $1 (36. Bxc3 $2 b1=Q (36... b1=B 37. f7 $16 )(36... b1=R $2 37. Qd6 $19 )37. Rxb1 Rxb1+ $19 )Rb3 37. f7 ({Better is} 37. Bd4 $16 {Intending Qc7+ and mate.} Qf7 38. Rc2 )Rf8 $14 {[%emt 0:0:0] [#]} 38. Bxc3 $2 (38. Qh4 $1 $14 Qg5 (38... Rxf7 $2 39. Qd8 $18 )39. Qxg5 (39. Qxe4+ Qg6 $19 )hxg5 40. Rc2 )Rxc3 $19 39. Rfxb2 Rxf7 40. Qe5 Rxe3 41. Rb6 Qg3 $2 ({Black should try} 41... Qg4 $19 42. R6b2 Rg7 (42... Rxa3 $2 43. Re1 $19 ))42. Qh5 $2 (42. Rxh6+ $1 $11 Kxh6 43. Rb6+ Kh7 44. Qh5+ Kg8 (44... Kg7 45. Qh6+ Kg8 46. Rg6+ $14 )45. Rg6+ Rg7 46. Rxg3 Rexg3 47. Qe8+ Kh7 48. Qxc8 (48. Qh5+ Kg8 $11 ))Qf2+ $19 43. Kh1 {[%emt 0:0:1] [#]} Qf4 $1 ({Inferior is} 43... Rxa3 44. Qxh6+ (44. Rxh6+ Kg8 45. Rh8+ Kg7 46. Qh6# )Kg8 45. Rg6+ )44. Rd1 (44. Qg6+ $19 Kh8 45. Rd6 )Rg3 45. Re1 Rgg7 (45... Rg4 $142 46. Qxh6+ Qxh6+ 47. Rxh6+ Kxh6 48. Kg1 Bf5 49. Kf2 Be6+ 50. Ke3 Bxd5 51. Kd4 Rd7 52. g3 Rxg3 53. Kc5 Rxa3 54. Rh1+ Kg5 55. Rh8 e3 56. Kb5 Rc3 57. Re8 Bc6+ 58. Ka6 Ra7+ 59. Kxa7 Bxe8 60. Kb7 e2 61. Kb8 e1=Q (61... e1=R {is a self mate.} 62. Kb7 Rb1+ 63. Ka8 Rc8+ 64. Ka7 Bf7 65. Ka6 Ra8# )62. Kb7 Qb1+ 63. Ka6 Qb8 64. Kxa5 Qb5# )46. Rxe4 Qf1+ 47. Kh2 Qxg2# 0-1

[Event "Biel Festival Masters Blitz 2024"]
[White "Le,Quang Liem"]
[Black "Mishra,Abhimanyu"]
[Site "Biel"]
[Round "3.1"]
[Annotator "TA"]
[Result "1/2-1/2"]
[Date "2024.07.21"]
[WhiteElo "2731"]
[BlackElo "2627"]
[PlyCount "94"]
[TimeControl "180+2"]

1. c4 c6 2. Nf3 d5 3. d4 Nf6 4. Nc3 e6 5. cxd5 exd5 6. Bf4 Bf5 7. e3 {[%emt 0:0:3] The position is equal.} Nbd7 8. h3 h6 9. a3 Nb6 10. g4 Bh7 11. Bd3 Bxd3 12. Qxd3 Bd6 13. Ne5 Qe7 14. O-O-O O-O-O (14... O-O {is interesting.} 15. Qf5 Ne4 16. Nxe4 dxe4 17. g5 hxg5 18. Bxg5 Qe6 )15. Rhe1 Rhe8 16. Kb1 Kb8 17. f3 g5 18. Bh2 Nfd7 19. f4 f6 20. Nf3 Qf8 21. Re2 Ka8 22. Rf1 gxf4 23. Bxf4 Bxf4 24. exf4 Rxe2 $1 25. Nxe2 Nc4 26. Ng3 Ndb6 27. Nd2 Re8 28. Nf5 {[%emt 0:0:6] Dodges Re3} a6 29. Nxc4 Nxc4 30. Ka2 Re4 31. Rf2 Qe8 32. b3 Nb6 ({Avoid the trap} 32... Ne3 $2 33. Nd6 (33. Nxh6 Qg6 $17 )Qe6 34. Nxe4 Qxe4 35. Qd2 $18 )33. Nd6 Qe6 34. Nxe4 dxe4 $11 {[%emt 0:0:1][%mdl 4096] Endgame. KQR-KQN} 35. f5 ({But not} 35. Re2 $2 exd3 36. Rxe6 d2 37. Rxf6 d1=Q $19 (37... d1=B $2 {is the wrong capture.} 38. Rxh6 Kb8 39. g5 $18 ))Qe7 36. Qc2 {[%emt 0:0:6] [#] Threatens to win with Qc5.} Nd5 37. Qc5 {[%emt 0:0:5] Strongly threatening Qxe7.} (37. Re2 $5 )Qe8 {[%emt 0:0:1] ...e3 would now be deadly.} 38. Kb2 e3 39. Re2 Nf4 (39... Qe4 $5 40. Qf8+ $8 Ka7 41. Qc5+ Ka8 42. Qf8+ Ka7 43. Qc5+ Ka8 $11 )40. Qc2 Nxe2 41. Qxe2 {[%emt 0:0:1] KQ-KQ} Qe4 42. Kc3 Ka7 43. a4 b6 44. Qc4 e2 45. Qf7+ Kb8 46. Qf8+ Kb7 47. Qf7+ Kb8 {[%emt 0:0:1] A balanced but interesting game.   Weighted Error Value: White=0.02 (flawless) /Black=0.02 (flawless) .  Inaccurate:     	---       	Black=1      OK:         	White=22    	Black=21     Best:        	White=1     	---        Strong:       	---       	Black=1} 1/2-1/2

[Event "Biel Festival Masters Blitz 2024"]
[White "Shankland,Sam"]
[Black "Keymer,Vincent"]
[Site "Biel"]
[Round "3.2"]
[Annotator "TA"]
[Result "1-0"]
[Date "2024.07.21"]
[WhiteElo "2683"]
[BlackElo "2721"]
[PlyCount "117"]
[TimeControl "180+2"]

1. e4 e5 2. Nf3 Nc6 3. Bb5 a6 4. Bxc6 dxc6 5. O-O Qf6 6. d4 exd4 7. Bg5 Qd6 8. Nxd4 {[%emt 0:0:2] White is slightly better.} Be7 9. Be3 Nf6 10. f3 c5 11. Ne2 Be6 12. Nd2 O-O-O 13. Nf4 Nd7 14. Qe2 g5 15. Nxe6 Qxe6 16. Nb3 (16. b3 $11 {deserves consideration.} )Qc6 (16... Rhe8 $15 {is superior.} )17. Rad1 Ne5 18. Bf2 h5 19. Rfe1 h4 20. Rd5 Ng6 21. Red1 (21. Bxc5 $2 Rxd5 22. Bxe7 Re5 $19 )(21. Nxc5 Nf4 22. Qc4 h3 $15 (22... Nxd5 23. exd5 Rxd5 24. Rxe7 $16 ))(21. Rf5 $14 )Rxd5 22. exd5 Qf6 23. Nxc5 Nf4 (23... Qxb2 $11 {keeps the balance.} 24. Qe4 Qe5 )24. Qe4 $1 $16 Bxc5 25. Bxc5 {[%emt 0:0:1] aiming for Bd4.} Rd8 26. Be7 $2 ({White should play} 26. Bd4 $18 Qd6 27. Qf5+ Kb8 28. Qxg5 (28. Qxf7 Ne2+ 29. Kf1 Nxd4 $14 ))Qb6+ $11 27. Kh1 $2 (27. Kf1 $1 $11 {and White is okay.} Qb5+ 28. Kf2 )Qf2 $19 28. Rg1 {[%emt 0:0:10] [#]} (28. Bxg5 $2 Qxg2# )(28. Qf5+ Kb8 29. Qg4 (29. Bxd8 $2 Qxg2# )(29. Qxg5 $2 h3 $19 )f5 (29... Rxd5 $2 30. Rg1 $19 )(29... Rxd5 $2 30. Rg1 $19 ))h3 $1 29. gxh3 {[%emt 0:0:4] [#]} Rh8 {[%emt 0:0:0][%cal Of2h2] ( -> ...Qxh2+!)} 30. Bxg5 (30. Rxg5 $19 Nxh3 31. Bc5 (31. Qg4+ $2 Kb8 $19 )Qxc5 32. Qe5 )Nxh3 $4 (30... Qxh2+ $1 {mates} 31. Kxh2 Rxh3# )31. Be3 $18 {[%emt 0:0:1] Qf5+ is the strong threat.} Qe2 $2 (31... Kb8 32. Bxf2 Nxf2+ 33. Kg2 Nxe4 )32. Bd4 $2 (32. Qf5+ $18 {is the precise move to win.} Kb8 33. Qxh3 (33. Qf6 $2 Re8 $19 ))Qd2 $2 (32... Nf2+ $16 33. Bxf2 Qxf2 )33. Qf5+ (33. Bxh8 $2 {loses.} Nf2+ 34. Kg2 Nxe4+ 35. Kh3 Qh6+ 36. Kg2 Qg5+ (36... Qxh8 $2 37. fxe4 Qxb2 38. h4 $19 )37. Kf1 Nd2+ (37... Qxd5 $2 38. Rg8+ Kd7 39. fxe4 $19 )38. Kf2 Qh4+ (38... Qxd5 $2 39. Rg8+ Kd7 40. Ke2 $19 )39. Rg3 Qxh2+ (39... Qxh8 $2 40. a3 $19 )40. Rg2 Qxh8 $19 )Kb8 34. Bxh8 Nf2+ 35. Kg2 Ne4+ (35... Ng4+ $142 36. Kh3 Qxh2+ 37. Kxg4 Qxg1+ 38. Kh4 Qh2+ 39. Qh3 Qd2 )36. Kh3 Qh6+ 37. Kg4 Nd6 38. Qf6 Qxh2 39. Rg3 {[%emt 0:0:4] Hoping for Qd8+.} Ka7 40. Qd4+ b6 41. Be5 f5+ 42. Kf4 $2 (42. Kg5 $18 )Qh6+ $16 43. Rg5 Qh4+ 44. Ke3 (44. Rg4 $1 $16 fxg4 45. fxg4 )Qxg5+ $11 {[%emt 0:0:1][%mdl 4096] Endgame. KQB-KQN} (44... Qe1+ $1 $11 45. Kf4 Qh4+ 46. Rg4 fxg4 47. fxg4 Nf7 )45. Bf4 $2 (45. Kf2 $18 )Qg1+ 46. Kd3 Qd1+ 47. Ke3 Qe1+ 48. Kd3 {[%emt 0:0:2] Bxd6 would now be deadly.} Qf1+ 49. Kd2 {[%emt 0:0:3] Threatens to win with Bxd6.} Qxf3 50. Bxd6 Qg2+ $1 51. Kc3 cxd6 {[%emt 0:0:1] KQ-KQ} 52. a4 Kb7 53. b4 Qg3+ 54. Kb2 b5 {[%emt 0:0:1] White must now prevent ...Qe5.} 55. a5 {[%emt 0:0:5] And now Qb6+ would win.} Qe5 56. Kc3 Kc7 (56... f4 $5 57. Kd3 $8 Kc8 $11 )57. Kd3 Qg3+ 58. Qe3 Qxe3+ (58... f4 59. Qxg3 fxg3 60. Ke2 g2 61. Kf2 g1=R 62. Kxg1 Kd7 63. Kf2 )(58... Qe5 $11 59. Qa7+ Kd8 )59. Kxe3 {Weighted Error Value: White=0.93/Black=0.51.  Loses game:     	White=1     	Black=3      Missed win:     	White=2     	Black=1      Mistake:       	White=5     	Black=3      Inaccurate:     	White=2     	Black=3      OK:         	White=13    	Black=19     Best:        	White=4     	Black=4      Strong:       	White=1     	Black=2} 1-0

[Event "Biel Festival Masters Blitz 2024"]
[White "Praggnanandhaa R"]
[Black "Martirosyan,Haik M."]
[Site "Biel"]
[Round "3.3"]
[Annotator "TA"]
[Result "1/2-1/2"]
[Date "2024.07.21"]
[WhiteElo "2747"]
[BlackElo "2662"]
[PlyCount "151"]
[TimeControl "180+2"]

1. d4 Nf6 2. Bg5 d5 3. e3 e6 4. Nf3 Be7 5. Nbd2 Nbd7 6. Bd3 b6 7. a4 a6 8. c3 Bb7 9. O-O Ne4 10. Bxe7 Qxe7 11. Qc2 Nxd2 12. Nxd2 c5 13. f4 f5 14. Nf3 O-O 15. Kh1 c4 16. Be2 b5 17. b4 Bc6 18. axb5 axb5 19. Qb2 Qd6 20. h3 Ra4 21. Ra3 Rxa3 22. Qxa3 Ra8 23. Qb2 Ra7 24. Ra1 Qc7 25. Bd1 Qb8 26. Kg1 Qa8 27. Rxa7 Qxa7 28. Kf1 Nf6 29. Ne5 Be8 30. Ke1 g6 31. Kd2 Ne4+ 32. Kc1 Kg7 33. Bc2 Nd6 34. Kb1 Nf7 35. Nf3 Nd6 36. Qc1 Nc8 37. Ne5 Nb6 38. g4 Qe7 39. Kb2 Qa7 40. Qe1 Na4+ 41. Kb1 Nb6 42. Qh4 Qc7 $1 43. Kb2 Nc8 44. Qg3 Qe7 (44... Kf8 $14 )45. h4 (45. gxf5 $16 exf5 46. Bxf5 )Nb6 $2 (45... fxg4 $11 {and Black stays safe.} 46. Qxg4 Nd6 )46. h5 (46. gxf5 $18 exf5 47. Bxf5 Na4+ 48. Kc2 )Qf6 47. Qg1 Na4+ (47... Kf8 $14 )48. Bxa4 $16 bxa4 49. hxg6 hxg6 {[%emt 0:0:2] [#]} 50. Qh2 (50. g5 $1 $16 Qf8 51. Qh2 )g5 $2 {[%emt 0:0:11] [#]} (50... fxg4 $1 $11 51. Nxg4 Qf5 )51. Qg3 $2 ({White has to play} 51. Qg2 $1 $18 )gxf4 $1 $14 52. exf4 fxg4 53. Qxg4+ Kf8 54. Ka3 (54. Qg5 {simplifies} Qxg5 55. fxg5 Kg7 56. Ka2 )Qh6 55. Qg5 Qxg5 56. fxg5 Kg7 57. Kb2 Bb5 58. Ka2 ({But not} 58. Ka3 $6 Be8 $16 )Be8 59. Ka3 Bb5 60. Kb2 Be8 61. Kc1 Bb5 62. Kb1 Be8 63. Kb2 Bb5 64. Ka3 Be8 65. g6 Bb5 66. Nf7 Kxg6 67. Nd6 Bd7 68. b5 Kf6 $1 69. b6 Bc6 $1 70. b7 Bxb7 $1 71. Nxb7 e5 72. dxe5+ (72. Kxa4 $2 {loses.} e4 73. Kb5 e3 $19 )Kxe5 73. Na5 (73. Kxa4 $5 d4 $8 74. Ka3 $11 )Ke4 74. Kxa4 d4 75. cxd4 $1 Kxd4 76. Nxc4 1/2-1/2